[Event "Titled Tuesday Blitz August 22 Early 2023"]
[White "Gheorghiu, Calin"]
[Black "Floresvillar Gonzalez, Luis Migu"]
[WhiteFideId "1200305"]
[BlackFideId "5100542"]
[WhiteElo "2377"]
[BlackElo "2127"]
[Result "1-0"]
[Round "6"]
[TimeControl "180+1"]
[Date "2023.08.22"]
[WhiteClock "0:00:32"]
[BlackClock "0:00:02"]
[Board "203"]

1. e4 c6 2. d4 d5 3. e5 c5 4. dxc5 Nc6 5. a3 e6 6. Nf3 Bxc5 7. b4 Bb6 8. Bd3 Nge7 9. Bb2 Bd7 10. Nbd2 Ng6 11. g3 Qc7 12. Qe2 Rc8 13. h4 a6 14. h5 Nge7 15. h6 g6 16. Kf1 Na7 17. a4 a5 18. b5 Bc5 19. Kg2 b6 20. Nb3 Rb8 21. Ng5 Nac8 22. Qf3 Nf5 23. g4 Be7 24. Nxf7 Kxf7 25. gxf5 exf5 26. Qxd5+ Be6 27. Qf3 Qb7 28. Qxb7 Rxb7 29. Nd4 Rd8 30. Rad1 Rbd7 31. Nxe6 Kxe6 32. Bc4+ Rd5 33. Rxd5 Rxd5 34. Rd1 f4 35. Bxd5+ Kf5 36. Bb7 Na7 37. Rd7 Bc5 38. Rxh7 g5 39. Rf7+ Kg6 40. e6 Kxh6 41. e7 Bxe7 42. Rxe7 Nxb5 43. axb5 g4 44. Be4 f3+ 45. Kg3 Kg5 46. Rg7+ Kh6 47. Rg6+ Kh5 48. Rxg4 a4 49. Bf6 a3 50. Rh4# 1-0


[Site "https://www.chess.com"]

[Event "Titled Tuesday Blitz August 22 Early 2023"]
[White "Flis, Pawel"]
[Black "Buscar, Michael"]
[WhiteFideId "1112864"]
[BlackFideId "2603616"]
[WhiteElo "2131"]
[BlackElo "2357"]
[Result "0-1"]
[Round "6"]
[TimeControl "180+1"]
[Date "2023.08.22"]
[WhiteClock "0:00:13"]
[BlackClock "0:00:19"]
[Board "204"]

1. e4 c5 2. Nf3 Nc6 3. d4 cxd4 4. Nxd4 Nf6 5. Nc3 e5 6. Ndb5 h6 7. Bc4 d6 8. a4 Be6 9. Bxe6 fxe6 10. O-O Be7 11. f4 exf4 12. Bxf4 e5 13. Be3 O-O 14. Nd5 Nxe4 15. Nbc7 Rc8 16. Ne6 Rxf1+ 17. Qxf1 Qd7 18. Qf5 Ng5 19. Qg6 Qxe6 20. Nxe7+ Nxe7 21. Qxe6+ Nxe6 22. c3 a6 23. Rd1 d5 24. g3 Rc4 25. a5 Re4 26. Kf2 d4 27. cxd4 exd4 28. Bc1 Nd5 29. Kf3 Re5 30. Bd2 Kf7 31. Rc1 Ke7 32. Rc8 Kd7 33. Rb8 Kc7 34. Rg8 Ne7 35. Re8 Nc6 36. b4 Ng5+ 37. Kg4 Rxe8 38. h4 Ne4 39. Bf4+ Kd7 40. Kf5 d3 41. Kg6 d2 42. Bxd2 Nxd2 43. g4 Re7 44. g5 hxg5 45. hxg5 Nxb4 46. Kh7 Nc6 47. g6 Nxa5 48. Kg8 Nc6 49. Kh7 Ne5 50. Kh8 Ne4 51. Kh7 Nf6+ 52. Kh8 Nxg6# 0-1


[Site "https://www.chess.com"]

[Event "Titled Tuesday Blitz August 22 Early 2023"]
[White "Kula, Robert"]
[Black "Senft, Sean"]
[WhiteFideId "1101218"]
[BlackFideId "2044960"]
[WhiteElo "2122"]
[BlackElo "2344"]
[Result "1/2-1/2"]
[Round "6"]
[TimeControl "180+1"]
[Date "2023.08.22"]
[WhiteClock "0:00:09"]
[BlackClock "0:01:19"]
[Board "205"]

1. e4 c5 2. Nf3 d6 3. Nc3 Nf6 4. Bc4 e6 5. O-O Be7 6. d4 O-O 7. dxc5 dxc5 8. Be3 Nc6 9. a3 a6 10. e5 Ng4 11. Bf4 b5 12. Ba2 Bb7 13. h3 Nh6 14. Bxh6 gxh6 15. Qe2 Kh8 16. Ne4 Rg8 17. c3 Qc7 18. Ng3 Rg7 19. Rae1 Rag8 20. Bb1 Qb8 21. Qe3 Qa8 22. Qxh6 Na5 23. Re4 Bxe4 24. Bxe4 Qd8 25. Kh1 Bg5 26. Qh5 Nc4 27. a4 bxa4 28. Ra1 Nxb2 29. Ra2 Nd3 30. Nxg5 Nxf2+ 31. Rxf2 Qxg5 32. Qxg5 Rxg5 33. Rxf7 Rf8 34. Rxf8+ Kg7 35. Rf3 a3 36. c4 a2 37. Ra3 Rxg3 38. Rxa2 Re3 39. Bf3 Rxe5 40. Rxa6 Kf6 41. Bg4 h5 42. Bf3 h4 43. Kh2 Re3 44. Bd5 Kf5 45. Bxe6+ Rxe6 46. Rxe6 Kxe6 47. g4 Ke5 48. Kg2 Kd4 49. Kf3 Kxc4 50. g5 Kd5 51. Kf4 Ke6 52. Ke4 Kf7 53. Kd5 Kg6 54. Kxc5 Kxg5 55. Kd4 Kf4 56. Kd3 Kf3 57. Kd2 Kf2 58. Kd3 Kf3 59. Kd2 Kg2 60. Ke2 Kxh3 61. Kf3 Kh2 62. Kf2 h3 63. Kf1 Kh1 64. Kf2 Kh2 65. Kf1 Kh1 66. Kf2 h2 67. Kf1 1/2-1/2


[Site "https://www.chess.com"]

[Event "Titled Tuesday Blitz August 22 Early 2023"]
[White "Seifert, Henryk"]
[Black "Vaglio Munoz, Jaime"]
[WhiteFideId "1100963"]
[BlackFideId "6500145"]
[WhiteElo "2118"]
[BlackElo "2336"]
[Result "1-0"]
[Round "6"]
[TimeControl "180+1"]
[Date "2023.08.22"]
[WhiteClock "0:00:04"]
[BlackClock "0:00:43"]
[Board "206"]

1. e4 c5 2. Nf3 Qa5 3. g3 Nf6 4. e5 Nd5 5. Bg2 Nc6 6. O-O e6 7. Nc3 Nxc3 8. dxc3 h6 9. h4 Be7 10. h5 Qc7 11. Re1 b6 12. Bf4 Bb7 13. Qe2 g5 14. hxg6 fxg6 15. Qd3 Rg8 16. Bxh6 O-O-O 17. Qe3 Na5 18. b3 g5 19. Nxg5 Bxg2 20. Kxg2 Qc6+ 21. f3 Bxg5 22. Bxg5 Rdf8 23. Bf6 d5 24. Rh1 Rf7 25. Rh6 d4 26. Qe4 Qxe4 27. fxe4 dxc3 28. Rah1 Nc6 29. Rh7 Rgf8 30. g4 Nd4 31. g5 Nxc2 32. g6 Ne3+ 33. Kf3 Rxf6+ 34. exf6 Rxf6+ 35. Kxe3 Rxg6 36. Rxa7 Kb8 37. Rhh7 c2 38. Rab7+ Kc8 39. Kd2 Rg2+ 40. Kc1 c4 41. Rbg7 Rxg7 42. Rxg7 cxb3 43. axb3 b5 44. Kxc2 b4 45. Kd3 Kd8 46. Kc4 Ke8 47. Kxb4 Kf8 48. Ra7 Ke8 49. Kc5 Kd8 50. Kc6 Kc8 51. Ra8# 1-0


[Site "https://www.chess.com"]

[Event "Titled Tuesday Blitz August 22 Early 2023"]
[White "Nugumanov, Bakhtiyar"]
[Black "Mikhaylova, Irina"]
[WhiteFideId "13701797"]
[BlackFideId "4109040"]
[WhiteElo "2114"]
[BlackElo "2333"]
[Result "1-0"]
[Round "6"]
[TimeControl "180+1"]
[Date "2023.08.22"]
[WhiteClock "0:00:01"]
[BlackClock "0:00:00"]
[Board "207"]

1. Nf3 Nf6 2. c4 g6 3. Nc3 d5 4. cxd5 Nxd5 5. Qb3 c6 6. e4 Nb6 7. d4 Bg7 8. Be3 O-O 9. Rd1 Be6 10. d5 cxd5 11. exd5 Bg4 12. Be2 N8d7 13. O-O Nf6 14. a4 Nc8 15. Qxb7 Nd6 16. Qa6 Qc8 17. Qxc8 Rfxc8 18. Bd4 Nfe4 19. Nxe4 Nxe4 20. h3 Bd7 21. Bxg7 Kxg7 22. Rd4 Nd6 23. Ne5 Be8 24. Ra1 Rab8 25. b4 Nf5 26. Re4 Rd8 27. Nc6 Bxc6 28. dxc6 Nd4 29. b5 f5 30. Rxe7+ Kf6 31. Re3 Nc2 32. c7 Nxa1 33. cxb8=Q Rxb8 34. Rc3 Re8 35. Rc6+ Kg5 36. Bf3 Re7 37. Rc3 Re1+ 38. Kh2 Rb1 39. Rc7 Rb2 40. Rxh7 Nc2 41. Rxa7 Ne1 42. Bc6 Nd3 43. a5 Nxf2 44. a6 Nd3 45. Rd7 Ne5 46. Rd6 Ra2 47. Bd5 1-0


[Site "https://www.chess.com"]

[Event "Titled Tuesday Blitz August 22 Early 2023"]
[White "Hartikainen, Jarmo"]
[Black "Bifulco, Michel"]
[WhiteFideId "503134"]
[BlackFideId "828580"]
[WhiteElo "2105"]
[BlackElo "2330"]
[Result "0-1"]
[Round "6"]
[TimeControl "180+1"]
[Date "2023.08.22"]
[WhiteClock "0:00:05"]
[BlackClock "0:00:53"]
[Board "208"]

1. e4 e5 2. Nf3 Nc6 3. Bc4 Nf6 4. Ng5 d5 5. exd5 Na5 6. Bb5+ c6 7. dxc6 bxc6 8. Be2 h6 9. Nf3 e4 10. Ne5 Bd6 11. d4 exd3 12. Nxd3 O-O 13. O-O Bf5 14. Nc3 Qc7 15. h3 Rad8 16. b3 Rfe8 17. Bb2 Nb7 18. Bf3 Nc5 19. Kh1 Nxd3 20. cxd3 Bf4 21. Be2 Rxe2 22. Nxe2 Rxd3 23. Qc2 Rxh3+ 24. gxh3 Bxc2 25. Bxf6 gxf6 26. Nd4 Be4+ 27. f3 Bd5 28. Rae1 Be5 29. Ne2 Qc8 30. Kg2 Qf5 31. Rg1 Qxf3# 0-1


[Site "https://www.chess.com"]

[Event "Titled Tuesday Blitz August 22 Early 2023"]
[White "Zepeda Berlanga, Jan Enrique"]
[Black "Pace, Christopher"]
[WhiteFideId "5132355"]
[BlackFideId "2610167"]
[WhiteElo "1996"]
[BlackElo "2327"]
[Result "0-1"]
[Round "6"]
[TimeControl "180+1"]
[Date "2023.08.22"]
[WhiteClock "0:00:00"]
[BlackClock "0:01:02"]
[Board "209"]

1. c4 e5 2. Nc3 Nf6 3. Nf3 Nc6 4. g3 d5 5. cxd5 Nxd5 6. Bg2 Nxc3 7. bxc3 Bd6 8. d4 exd4 9. Nxd4 Nxd4 10. Qxd4 O-O 11. O-O Re8 12. Be3 Qe7 13. Rab1 c6 14. Rfd1 Be5 15. Qb4 Bf5 16. Bc5 Qf6 17. e4 Bg4 18. Rd3 b6 19. Be3 c5 20. Qb3 c4 21. Qxc4 Be2 22. f4 Rac8 23. Qd5 Bxd3 24. fxe5 Qd8 0-1


[Site "https://www.chess.com"]

[Event "Titled Tuesday Blitz August 22 Early 2023"]
[White "disciplinedbrat"]
[Black "abelmat"]
[WhiteElo "2320"]
[BlackElo "1913"]
[Result "1-0"]
[Round "6"]
[TimeControl "180+1"]
[Date "2023.08.22"]
[WhiteClock "0:01:23"]
[BlackClock "0:00:38"]
[Board "210"]

1. Nf3 Nf6 2. d4 e6 3. c4 d5 4. Nc3 Be7 5. Bf4 O-O 6. g4 Ne4 7. h4 Bb4 8. Qc2 Nc6 9. a3 Bxc3+ 10. bxc3 f5 11. g5 dxc4 12. e3 Na5 13. Rb1 b6 14. Ne5 Bb7 15. Rg1 Nb3 16. Bxc4 Na5 17. Bxe6+ Kh8 18. Nf7+ Rxf7 19. Bxf7 Qe7 20. Ba2 Qxa3 21. Rc1 Ba6 22. g6 h6 23. f3 Nxc3 24. Bxh6 Nxa2 25. Bxg7+ Kxg7 26. Qxc7+ Kf6 27. Qe5# 1-0


[Site "https://www.chess.com"]

[Event "Titled Tuesday Blitz August 22 Early 2023"]
[White "elcala"]
[Black "micke12a"]
[WhiteElo "1701"]
[BlackElo "2320"]
[Result "0-1"]
[Round "6"]
[TimeControl "180+1"]
[Date "2023.08.22"]
[WhiteClock "0:00:50"]
[BlackClock "0:02:06"]
[Board "211"]

1. d4 d5 2. Nf3 Nf6 3. Bf4 Bf5 4. e3 e6 5. Bd3 Ne4 6. O-O Bd6 7. c3 Bxf4 8. exf4 Qd6 9. Ne5 f6 10. Bxe4 dxe4 11. Nc4 Qxf4 12. Ne3 O-O 13. Nxf5 exf5 14. Qe2 Nd7 15. Qe3 Qxe3 16. fxe3 g6 17. Nd2 c5 18. Rf2 cxd4 19. cxd4 Rac8 20. Nb3 Nb6 21. Rc1 Rxc1+ 22. Nxc1 Nd5 23. Nb3 Nxe3 24. Rd2 b6 25. g3 Rd8 26. Kf2 Ng4+ 27. Ke2 g5 28. d5 f4 29. gxf4 gxf4 30. h3 f3+ 31. Kf1 Ne5 32. Rd4 e3 33. d6 Kf7 34. Nc1 Rg8 35. Nd3 Nxd3 36. Rxd3 e2+ 37. Kf2 Rg1 38. Re3 Rf1+ 39. Kg3 e1=Q+ 40. Rxe1 Rxe1 41. Kxf3 Rd1 42. d7 Rxd7 0-1


[Site "https://www.chess.com"]

[Event "Titled Tuesday Blitz August 22 Early 2023"]
[White "Shapiro, Daniel"]
[Black "Skiadopoulos, Nikolaos"]
[WhiteFideId "2001780"]
[BlackFideId "4200772"]
[WhiteElo "2292"]
[BlackElo "1813"]
[Result "1-0"]
[Round "6"]
[TimeControl "180+1"]
[Date "2023.08.22"]
[WhiteClock "0:00:08"]
[BlackClock "0:00:00"]
[Board "212"]

1. d4 Nf6 2. c4 c5 3. d5 b5 4. cxb5 a6 5. e3 axb5 6. Bxb5 Qa5+ 7. Nc3 Ba6 8. Bd3 g6 9. e4 d6 10. Nf3 Bg7 11. O-O O-O 12. h3 Nbd7 13. Re1 Nb6 14. Bf4 Bxd3 15. Qxd3 Qa6 16. Qxa6 Rxa6 17. Rad1 Nc4 18. Re2 Nd7 19. b3 Bxc3 20. bxc4 Bf6 21. e5 dxe5 22. Nxe5 Nxe5 23. Bxe5 Rfa8 24. Bxf6 Rxf6 25. Rxe7 Rxa2 26. f3 Rd6 27. Rc7 Ra5 28. Rb1 h5 29. Rb8+ Kg7 30. Rbc8 Ra1+ 31. Kh2 h4 32. Rxc5 Rb6 33. Rb5 Rf6 34. Rb3 Rc1 35. Rd3 Ra6 36. Rd2 Raa1 37. g4 Rh1+ 38. Kg2 Rag1+ 39. Kf2 Rg3 40. d6 Rhxh3 41. Rd3 Rh2+ 42. Ke3 Rhh3 43. Ke4 f5+ 44. gxf5 gxf5+ 45. Kf4 Rg4+ 46. fxg4 Rxd3 47. Rc7+ Kf6 48. c5 h3 49. Rh7 Rd4+ 50. Ke3 Rxg4 51. d7 Rg8 52. c6 1-0


[Site "https://www.chess.com"]

[Event "Titled Tuesday Blitz August 22 Early 2023"]
[White "Palacio,Igor Da Paz"]
[Black "Schut, Han"]
[WhiteFideId "2121140"]
[BlackFideId "1005561"]
[WhiteElo "2261"]
[BlackElo "2242"]
[Result "1/2-1/2"]
[Round "6"]
[TimeControl "180+1"]
[Date "2023.08.22"]
[WhiteClock "0:00:04"]
[BlackClock "0:00:12"]
[Board "213"]

1. e4 c5 2. Nc3 Nc6 3. g3 g6 4. Bg2 Bg7 5. d3 e6 6. Be3 d6 7. f4 Nge7 8. Nf3 Nd4 9. O-O Nec6 10. e5 dxe5 11. Nxe5 Nxe5 12. fxe5 Bxe5 13. Ne4 Nf5 14. Bxc5 Bd4+ 15. Bxd4 Qxd4+ 16. Rf2 O-O 17. c3 Qb6 18. d4 Ne3 19. Qb3 Nxg2 20. Qxb6 axb6 21. Nf6+ Kg7 22. Kxg2 Rd8 23. a3 Bd7 24. Nxd7 Rxd7 25. Re1 Ra5 26. Rfe2 Rad5 27. Re5 R5d6 28. R1e3 Kf8 29. h4 Ke7 30. Rb5 f6 31. Kf3 Kf7 32. Ke2 Rc7 33. Rd3 Ke7 34. Kf3 Kd7 35. Rb4 Rcc6 36. Ke3 Rd5 37. Ra4 Rf5 38. Ke2 Kd6 39. Ra8 Rc7 40. Rd8+ Ke7 41. Rh8 Kd6 42. Rd8+ Ke7 43. Rg8 Kd6 44. Rf3 Rxf3 45. Kxf3 e5 46. dxe5+ Kxe5 47. Ke3 Kf5 48. Rd8 Re7+ 49. Kf3 Ke5 50. Rd4 f5 51. Rd3 Kf6 52. Rd4 Re1 53. Rd6+ Ke5 54. Rxb6 Rd1 55. Kf2 Rd2+ 56. Kf3 Rd3+ 57. Ke2 Rxg3 58. Rxb7 Kf4 59. Rxh7 Rg2+ 60. Kd3 Rxb2 61. Rg7 Rg2 62. h5 Rg3+ 63. Kd2 gxh5 64. Rxg3 Kxg3 65. a4 f4 66. a5 f3 67. a6 f2 68. a7 f1=Q 69. a8=Q Qg2+ 70. Qxg2+ Kxg2 71. c4 h4 72. c5 h3 73. c6 h2 74. c7 h1=Q 75. c8=Q Qh3 76. Qc6+ Qf3 77. Qxf3+ Kxf3 1/2-1/2


[Site "https://www.chess.com"]

[Event "Titled Tuesday Blitz August 22 Early 2023"]
[White "Kaminski, Victor"]
[Black "Gyulamiryan-koryun"]
[WhiteFideId "1131630"]
[WhiteElo "2249"]
[BlackElo "2034"]
[Result "1-0"]
[Round "6"]
[TimeControl "180+1"]
[Date "2023.08.22"]
[WhiteClock "0:01:00"]
[BlackClock "0:00:03"]
[Board "214"]

1. e4 c5 2. Nf3 d6 3. d4 cxd4 4. Nxd4 Nf6 5. Nc3 a6 6. h4 e6 7. g4 d5 8. e5 Nfd7 9. f4 Nc6 10. Be3 Qc7 11. Qd2 Bb4 12. a3 Be7 13. h5 h6 14. O-O-O Nxd4 15. Bxd4 b5 16. Bg2 Bb7 17. f5 Bg5 18. Be3 d4 19. Bxg5 dxc3 20. Qxd7+ Qxd7 21. Rxd7 cxb2+ 22. Kxb2 Bxg2 23. Re7+ Kf8 24. Rd1 Bd5 25. Bh4 a5 26. Rf1 Kg8 27. f6 gxf6 28. Bxf6 Rh7 29. Rg1 Kf8 30. g5 hxg5 31. Rxg5 b4 32. Rc7 bxa3+ 33. Kxa3 a4 34. Be7+ Ke8 35. Rg8# 1-0


[Site "https://www.chess.com"]

[Event "Titled Tuesday Blitz August 22 Early 2023"]
[White "Wang, Alexander J"]
[Black "Johnson, Ben"]
[WhiteFideId "30955270"]
[BlackFideId "2010917"]
[WhiteElo "2278"]
[BlackElo "2127"]
[Result "1-0"]
[Round "6"]
[TimeControl "180+1"]
[Date "2023.08.22"]
[WhiteClock "0:00:35"]
[BlackClock "0:00:02"]
[Board "217"]

1. e4 c5 2. Nf3 g6 3. d4 cxd4 4. Nxd4 Nf6 5. Nc3 d6 6. Be3 a6 7. Be2 Bg7 8. a4 O-O 9. f3 d5 10. e5 Nfd7 11. e6 Ne5 12. exf7+ Rxf7 13. O-O Nbc6 14. Nxc6 bxc6 15. a5 Rb8 16. Bb6 Rxb6 17. axb6 Qxb6+ 18. Kh1 Qxb2 19. Nxd5 cxd5 20. Qxd5 Qb7 21. Qxb7 Bxb7 22. Rab1 e6 23. Rfd1 Rc7 24. h4 Rxc2 25. Rxb7 Rxe2 26. Rd8+ Bf8 27. Rbb8 Kg7 28. Rxf8 Nd3 29. Rfd8 Nf4 30. Rb7+ Kh6 31. Rdd7 g5 32. Rxh7+ Kg6 33. Rhg7+ Kf6 34. Rxg5 Ra2 35. Rb8 Ra1+ 36. Kh2 Nd5 37. Rf8+ Ke7 38. Rh8 a5 39. Rh7+ Kd6 40. Ra7 a4 41. h5 Nf6 42. Rga5 Rd1 43. h6 Rd5 44. Rxd5+ 1-0


[Site "https://www.chess.com"]

[Event "Titled Tuesday Blitz August 22 Early 2023"]
[White "Ottosen, David"]
[Black "EvgenyBurmakin"]
[WhiteFideId "2603080"]
[WhiteElo "2098"]
[BlackElo "2271"]
[Result "0-1"]
[Round "6"]
[TimeControl "180+1"]
[Date "2023.08.22"]
[WhiteClock "0:00:04"]
[BlackClock "0:00:08"]
[Board "218"]

1. e4 c5 2. Nf3 d6 3. d4 cxd4 4. Nxd4 Nf6 5. Nc3 a6 6. Be3 e6 7. g4 Be7 8. g5 Nfd7 9. h4 b5 10. Rg1 Bb7 11. f3 Qc7 12. h5 g6 13. Qd2 b4 14. Nce2 d5 15. exd5 Bxd5 16. Nf4 Bb7 17. Nfxe6 fxe6 18. Nxe6 Qe5 19. Bc4 Bxf3 20. h6 Nc6 21. Ng7+ Kd8 22. Be6 Ra7 23. Bg4 Bxg4 24. Rxg4 Bc5 25. Ke2 Qxe3+ 26. Qxe3 Bxe3 27. Kxe3 Nce5 28. Rd1 Nxg4+ 29. Kf4 Ne5 30. Ne6+ Ke7 31. Nd4 Rf8+ 32. Ke4 Rc7 33. Re1 Rc5 34. Nb3 Rxc2 35. Kd5 Rxb2 36. Nd4 Rd2 37. Rxe5+ Nxe5 38. Kxe5 Rxd4 39. Kxd4 Rf5 0-1


[Site "https://www.chess.com"]

[Event "Titled Tuesday Blitz August 22 Early 2023"]
[White "Ai, Evan"]
[Black "jjbolanos"]
[WhiteFideId "2094770"]
[WhiteElo "2244"]
[BlackElo "2021"]
[Result "1-0"]
[Round "6"]
[TimeControl "180+1"]
[Date "2023.08.22"]
[WhiteClock "0:00:04"]
[BlackClock "0:00:00"]
[Board "219"]

1. e4 c5 2. Nf3 e6 3. d4 cxd4 4. Nxd4 a6 5. Bd3 Qc7 6. O-O Nf6 7. c4 Nc6 8. Nxc6 dxc6 9. Nc3 e5 10. Qe2 Bc5 11. h3 O-O 12. Be3 Bd4 13. Rac1 Rd8 14. c5 a5 15. Na4 Be6 16. b3 Rab8 17. Nb6 Nd7 18. Bxd4 exd4 19. Nxd7 Rxd7 20. f4 f6 21. Rcd1 b6 22. Bc4 Re8 23. cxb6 Qxb6 24. Qg4 Bxc4 25. Qxd7 Rd8 26. Qxd8+ Qxd8 27. bxc4 c5 28. e5 fxe5 29. fxe5 Qe7 30. Rb1 Qxe5 31. Rbe1 Qb8 32. Rb1 Qc7 33. Rbe1 h6 34. Re8+ Kh7 35. Ref8 Qe5 36. R8f5 Qe3+ 37. Kh1 Qa3 38. Rd5 Qxa2 39. Rxc5 d3 40. Rd5 Qe2 41. Rf3 d2 42. Rfd3 Qe1+ 43. Kh2 Qe4 44. Rxd2 Qxc4 45. Kh1 a4 46. R5d4 Qc1+ 47. Rd1 Qc2 48. R4d2 Qb3 49. Rd3 Qc2 50. R3d2 Qc6 51. Ra2 Qb5 52. Rda1 1-0


[Site "https://www.chess.com"]

[Event "Titled Tuesday Blitz August 22 Early 2023"]
[White "Vargas, Mauricio"]
[Black "Sarkar, Justin"]
[WhiteFideId "4404572"]
[BlackFideId "2010011"]
[WhiteElo "1862"]
[BlackElo "2227"]
[Result "0-1"]
[Round "6"]
[TimeControl "180+1"]
[Date "2023.08.22"]
[WhiteClock "0:00:00"]
[BlackClock "0:00:04"]
[Board "220"]

1. e4 c5 2. Nc3 Nc6 3. f4 g6 4. Nf3 Bg7 5. g4 d6 6. h3 h5 7. g5 e5 8. d3 Nge7 9. h4 d5 10. Bh3 Bxh3 11. Rxh3 Qd7 12. Rg3 dxe4 13. Nxe4 Nf5 14. Rg1 O-O-O 15. Bd2 Ncd4 16. Nxd4 Qxd4 17. Rh1 Ne3 18. Qc1 Ng2+ 19. Kf1 Nxf4 20. Be3 Qd5 21. Rh2 Ne6 22. Ke2 c4 0-1


[Site "https://www.chess.com"]

[Event "Titled Tuesday Blitz August 22 Early 2023"]
[White "Svane, Rasmus"]
[Black "Bortnyk, Olexandr"]
[WhiteFideId "4657101"]
[BlackFideId "14120828"]
[WhiteElo "3001"]
[BlackElo "3070"]
[Result "1/2-1/2"]
[Round "7"]
[TimeControl "180+1"]
[Date "2023.08.22"]
[WhiteClock "0:00:08"]
[BlackClock "0:00:02"]
[Board "1"]

1. Nf3 Nf6 2. g3 b6 3. Bg2 Bb7 4. O-O g6 5. d4 Bg7 6. c4 O-O 7. Re1 e6 8. Bf4 d5 9. cxd5 exd5 10. Nc3 Na6 11. Rc1 c6 12. a3 Nc7 13. Bxc7 Qxc7 14. Ne5 Qd6 15. e3 Rfe8 16. b4 Re7 17. Qb3 h5 18. h4 Rae8 19. Red1 b5 20. a4 a6 21. axb5 axb5 22. Ra1 Bc8 23. Rdc1 Ng4 24. Nxg4 Bxg4 25. Nd1 Be2 26. Qc3 Bc4 27. Nb2 Re6 28. Nxc4 bxc4 29. Ra5 Bh6 30. Re1 Rb8 31. Rc5 Rb5 32. e4 Qe7 33. Kf1 Qb7 34. exd5 Rxe1+ 35. Qxe1 Rxc5 36. bxc5 cxd5 37. Bf3 Kh7 38. Kg2 Bg7 39. Qe3 Qd7 40. Qc3 Bf6 41. Qe3 Kg7 42. Qc3 Qe6 43. Qe3 Bd8 44. Qc3 Bc7 45. Qd2 Bd8 46. Qc3 Bf6 47. Qe3 Kf8 48. Qc3 Ke7 49. Qb2 Qc6 50. Qc3 Kd7 51. Qe3 Kd8 52. Qc3 Ke7 53. Qe3+ Kd7 54. Qc3 Qe6 55. Qb2 Qc6 56. Qd2 Ke8 57. Qe3+ Kf8 58. Qc3 Kg7 59. Qe3 Qd7 60. Qc3 Qe6 1/2-1/2


[Site "https://www.chess.com"]

[Event "Titled Tuesday Blitz August 22 Early 2023"]
[White "Sadhwani, Raunak"]
[Black "Vachier-Lagrave, Maxime"]
[WhiteFideId "35093487"]
[BlackFideId "623539"]
[WhiteElo "3040"]
[BlackElo "3143"]
[Result "1/2-1/2"]
[Round "7"]
[TimeControl "180+1"]
[Date "2023.08.22"]
[WhiteClock "0:01:22"]
[BlackClock "0:01:28"]
[Board "2"]

1. e4 e5 2. Nf3 Nc6 3. Bb5 a6 4. Ba4 Nf6 5. O-O Bc5 6. d3 b5 7. Bb3 d6 8. a4 Rb8 9. axb5 axb5 10. Be3 Bxe3 11. fxe3 Be6 12. Bxe6 fxe6 13. Nc3 O-O 14. Ne2 Qd7 15. Ng3 Ra8 16. Qd2 d5 17. Rxa8 Rxa8 18. exd5 exd5 19. d4 Ne4 20. Nxe4 dxe4 21. dxe5 1/2-1/2


[Site "https://www.chess.com"]

[Event "Titled Tuesday Blitz August 22 Early 2023"]
[White "Kravtsiv, Martyn"]
[Black "Nihal Sarin"]
[WhiteFideId "14113147"]
[BlackFideId "25092340"]
[WhiteElo "2880"]
[BlackElo "3135"]
[Result "0-1"]
[Round "7"]
[TimeControl "180+1"]
[Date "2023.08.22"]
[WhiteClock "0:00:03"]
[BlackClock "0:00:12"]
[Board "3"]

1. e4 d5 2. exd5 Qxd5 3. Nc3 Qd6 4. d4 Nf6 5. Nf3 Bg4 6. h3 Bxf3 7. Qxf3 c6 8. Be3 e6 9. g4 Nbd7 10. O-O-O Qc7 11. Kb1 Bb4 12. Bf4 Bd6 13. Bc1 Nd5 14. Ne4 b5 15. Nxd6+ Qxd6 16. h4 a5 17. h5 N7b6 18. g5 Rf8 19. Qe4 g6 20. Rh3 a4 21. Rf3 Kd7 22. Qe5 Qxe5 23. dxe5 Ke7 24. Rh3 Rfd8 25. Be2 b4 26. c4 bxc3 27. bxc3 Nd7 28. Ba3+ c5 29. Rh4 Nxc3+ 30. Kc2 Nxe2 31. Rd2 Ng1 32. Rf4 Nh3 33. Rg4 Nxe5 34. Bxc5+ Ke8 35. hxg6 hxg6 36. Rh4 Rxd2+ 0-1


[Site "https://www.chess.com"]

[Event "Titled Tuesday Blitz August 22 Early 2023"]
[White "Plazuelo Pascual, Juan"]
[Black "Esipenko, Andrey"]
[WhiteFideId "32059566"]
[BlackFideId "24175439"]
[WhiteElo "2701"]
[BlackElo "2970"]
[Result "0-1"]
[Round "7"]
[TimeControl "180+1"]
[Date "2023.08.22"]
[WhiteClock "0:00:24"]
[BlackClock "0:00:58"]
[Board "4"]

1. e4 e5 2. Nf3 Nc6 3. d4 exd4 4. Nxd4 Nf6 5. Nxc6 bxc6 6. Qe2 d5 7. exd5+ Be7 8. dxc6 O-O 9. Be3 Ng4 10. Qd3 Nxe3 11. fxe3 Bd6 12. g3 Rb8 13. Bg2 Qf6 14. Nc3 Rxb2 15. Ne4 Bb4+ 16. c3 Qf5 17. Rf1 Qe5 18. Rf2 Rxf2 19. Kxf2 Be7 20. Qd4 Qa5 21. Kg1 Be6 22. a4 Rd8 0-1


[Site "https://www.chess.com"]

[Event "Titled Tuesday Blitz August 22 Early 2023"]
[White "Demchenko, Anton"]
[Black "Nakamura, Hikaru"]
[WhiteFideId "4160258"]
[BlackFideId "2016192"]
[WhiteElo "2945"]
[BlackElo "3216"]
[Result "0-1"]
[Round "7"]
[TimeControl "180+1"]
[Date "2023.08.22"]
[WhiteClock "0:00:01"]
[BlackClock "0:00:07"]
[Board "5"]

1. e4 a6 2. d4 c6 3. Bd3 d5 4. e5 c5 5. c3 Nc6 6. Ne2 e6 7. a3 c4 8. Bc2 Bd7 9. Nd2 Nge7 10. h4 Nc8 11. h5 h6 12. Rh3 Nb6 13. Nf4 Qe7 14. Re3 Na5 15. g3 O-O-O 16. Kf1 Qe8 17. a4 Be7 18. Nf3 Kb8 19. Kg1 Rc8 20. Bd2 Ka7 21. Re1 Bd8 22. Be3 Nb3 23. Bxb3 cxb3 24. a5 Nc4 25. Qxb3 Bxa5 26. Nd3 Bb5 27. Nc5 Bb6 28. Bf4 g5 29. hxg6 fxg6 30. Nxe6 g5 31. Bc1 Na5 32. Rxa5 Bxa5 33. Nc5 Rf8 34. Nh2 Qf7 35. Be3 Bc6 36. Ra1 Bb6 37. Qa3 Bxc5 38. Qxc5+ Ka8 39. Qb6 h5 40. e6 Qe7 41. b4 Be8 42. b5 Qc7 43. Qxc7 Rxc7 44. bxa6 Re7 45. axb7+ Kxb7 46. Bxg5 Rxe6 47. Nf1 Bg6 48. Ne3 Be4 49. Bf4 Rb6 50. c4 Rg6 51. Kh2 h4 52. Nxd5 hxg3+ 53. Bxg3 Rh8+ 54. Bh4 Rxh4# 0-1


[Site "https://www.chess.com"]

[Event "Titled Tuesday Blitz August 22 Early 2023"]
[White "Rasulov, Vugar"]
[Black "Erigaisi Arjun"]
[WhiteFideId "13402390"]
[BlackFideId "35009192"]
[WhiteElo "2894"]
[BlackElo "3059"]
[Result "0-1"]
[Round "7"]
[TimeControl "180+1"]
[Date "2023.08.22"]
[WhiteClock "0:00:02"]
[BlackClock "0:00:08"]
[Board "6"]

1. Nf3 d6 2. c4 e5 3. Nc3 Nd7 4. g3 Be7 5. Bg2 h5 6. h3 f5 7. d3 h4 8. gxh4 Bxh4 9. Nxh4 Qxh4 10. Qd2 f4 11. Nd5 Qd8 12. e3 c6 13. Nc3 fxe3 14. Qxe3 Nh6 15. Be4 Nf6 16. Bg6+ Kf8 17. Bd2 Nf5 18. Bxf5 Bxf5 19. O-O-O Rh5 20. Rdg1 Kf7 21. Qf3 Qh8 22. h4 Qh7 23. Bg5 Rf8 24. Rd1 Kg8 25. Qe3 Ng4 26. Qe2 Qg6 27. Rhg1 Qe6 28. f3 Nh6 29. b3 Nf7 30. Kb2 Nxg5 31. hxg5 Qg6 32. Qe3 Rh2+ 33. Ka1 a6 34. Ne4 d5 35. Ng3 Qd6 36. Rh1 Rxh1 37. Rxh1 Bg6 38. Re1 dxc4 39. dxc4 Qd4+ 40. Qxd4 exd4 41. Rf1 Bd3 42. Rf2 c5 43. Kb2 b5 44. cxb5 axb5 45. Ne2 Bxe2 46. Rxe2 Rxf3 47. g6 Kf8 48. Re5 Rf2+ 49. Ka3 Rc2 50. b4 c4 51. Rxb5 d3 52. Rd5 d2 53. b5 c3 54. Kb3 Rc1 55. a4 Ke7 56. a5 d1=Q+ 57. Rxd1 Rxd1 58. a6 Kd6 59. b6 Rb1+ 60. Kxc3 Rxb6 0-1


[Site "https://www.chess.com"]

[Event "Titled Tuesday Blitz August 22 Early 2023"]
[White "Harsh Suresh"]
[Black "Dubov, Daniil"]
[WhiteFideId "45018464"]
[BlackFideId "24126055"]
[WhiteElo "2886"]
[BlackElo "3036"]
[Result "0-1"]
[Round "7"]
[TimeControl "180+1"]
[Date "2023.08.22"]
[WhiteClock "0:00:25"]
[BlackClock "0:01:08"]
[Board "7"]

1. e4 e5 2. Nf3 Nc6 3. Bb5 a6 4. Ba4 Nf6 5. O-O Be7 6. Bxc6 dxc6 7. d3 Bg4 8. h3 Bxf3 9. Qxf3 Nd7 10. b3 Nc5 11. Ba3 Ne6 12. Bxe7 Qxe7 13. Nd2 h5 14. Nc4 O-O-O 15. Ne3 Nd4 16. Qd1 g6 17. c3 Ne6 18. Qc2 Rd7 19. Rad1 Rhd8 20. Rd2 Qg5 21. Rfd1 f5 22. Nc4 Nf4 23. g3 Nxh3+ 24. Kh2 h4 25. Kxh3 hxg3 26. fxg3 f4 27. Rg1 f3 28. g4 Qf4 29. Rf2 Rh8# 0-1


[Site "https://www.chess.com"]